 Dungeon Crawl Stone Soup version 0.18-a0-1542-g9c1a92e (webtiles) character file.

228 Kidiri the Magician (level 5, 0/29 HPs)
             Began as a Deep Elf Fire Elementalist on Mar 10, 2016.
             Succumbed to LairdHam's ghost's sting
             ... on level 2 of the Dungeon.
             The game lasted 00:13:30 (3734 turns).

Kidiri the Magician (Deep Elf Fire Elementalist)    Turns: 3734, Time: 00:13:30

Health: 0/29       AC:  4    Str:  3 (5)  XL:     5   Next: 71%
Magic:  10/13      EV: 12    Int: 18 (21) God:
Gold:   119        SH:  3    Dex: 13 (15) Spells: 4 memorised, 3 levels left

rFire  . . .     SeeInvis .     o - +0 dagger
rCold  . . .     Gourm    .     a - +1 robe
rNeg   . . .     Faith    .     j - +0 buckler
rPois  .         Spirit   .     r - +0 helmet
rElec  .         Dismiss  .     (no cloak)
rCorr  .         Reflect  .     (no gloves)
SustAt .         Harm     .     (no boots)
MR     .....                    (no amulet)
Stlth  ++........               (no ring)
                                (no ring)

@: lethally poisoned (0 -> -3), not resistant to hostile enchantments,
unstealthy
A: no striking features
a: no special abilities


You were on level 2 of the Dungeon.
You were not hungry.

You visited 1 branch of the dungeon, and saw 3 of its levels.

You collected 119 gold pieces.

Inventory:

Hand Weapons
 o - a +0 dagger (weapon)
Armour
 a - a +1 robe (worn)
 j - a +0 buckler (worn)
 r - a +0 helmet (worn)
Scrolls
 e - 3 scrolls of remove curse
 g - a scroll of noise
 i - a scroll of teleportation
 q - a scroll of random uselessness {unknown}
Potions
 l - a potion of brilliance
Books
 b - a book of Flames

   Spells                             Type                      Level
   a - Flame Tongue                   Conjuration/Fire             1
   b - Throw Flame                    Conjuration/Fire             2
   c - Conjure Flame                  Conjuration/Fire             3
   d - Inner Flame                    Hexes/Fire                   3
   e - Sticky Flame                   Conjuration/Fire             4
   f - Fireball                       Conjuration/Fire             5
Comestibles
 c - 3 bread rations
 d - 4 chunks of flesh
 h - a meat ration


   Skills:
 + Level 1.0 Fighting
 + Level 0.5 Armour
 * Level 3.4 Dodging
 + Level 3.8 Stealth
 + Level 0.7 Shields
 * Level 4.3 Spellcasting
 + Level 2.1 Conjurations
 + Level 1.6 Hexes
 + Level 4.1 Fire Magic


You had 3 spell levels left.
You knew the following spells:

 Your Spells              Type           Power        Failure   Level  Hunger
a - Flame Tongue          Conj/Fire      ###..        8%          1    None
b - Throw Flame           Conj/Fire      ###...       12%         2    ##.....
c - Conjure Flame         Conj/Fire      ###.....     21%         3    ###....
d - Inner Flame           Hex/Fire       ##......     21%         3    ###....


Dungeon Overview and Level Annotations

Branches:
Dungeon (3/15)

Altars:

Annotations:
D:3 LairdHam's ghost, amateur DsVM


Message History

You feel sick.
You see here a ring mail.
Things that are here:
a leather armour; a dagger
* * * LOW HITPOINT WARNING * * *
You feel sick.
There is a stone staircase leading up here.
There is a lethal amount of poison in your body!
Your magical contamination has completely faded away.
You climb upwards.
* * * LOW HITPOINT WARNING * * *
You feel sick.
There is a stone staircase leading down here.
* * * LOW HITPOINT WARNING * * *
You feel sick.
* * * LOW HITPOINT WARNING * * *
You feel sick.
* * * LOW HITPOINT WARNING * * *
You feel sick.
You die...

................# #.#
.......#####.#### #.#
...[...# #.# #.#
....)..# #.## #.#
.......### #..# #.#
.........# #..# #.#
.........# #..# #.#
.........###..######.#
.........#......@....#
........^#.##..#######
(........#.......#
..<......#)......#
.........#.......#
.........#.......#
.........#.......##
.........#........#
##########.######.##


There were no monsters in sight!

Vanquished Creatures
  Natasha (thrice) (D:2)
  5 gnolls
  2 adders (D:2)
  4 worms
  A dart slug (D:1)
  A giant gecko (D:2)
  4 orcs (D:3)
  11 bats
  6 giant cockroaches
  4 goblins
  12 hobgoblins
  6 jackals
  4 kobolds
  A giant newt (D:2)
  10 rats
74 creatures vanquished.

Notes
Turn   | Place    | Note
--------------------------------------------------------------
     0 | D:1      | Kidiri the Deep Elf Fire Elementalist began the quest for the Orb.
     0 | D:1      | Reached XP level 1. HP: 10/10 MP: 6/6
   165 | D:1      | Reached XP level 2. HP: 15/15 MP: 2/8
   171 | D:1      | Learned a level 2 spell: Throw Flame
   597 | D:1      | Reached XP level 3. HP: 16/19 MP: 1/10
   603 | D:1      | Learned a level 3 spell: Conjure Flame
   607 | D:1      | Learned a level 3 spell: Inner Flame
  1574 | D:2      | Reached skill level 1 in Hexes
  1576 | D:2      | Reached XP level 4. HP: 24/24 MP: 2/12
  1913 | D:2      | Noticed Natasha
  1917 | D:2      | Killed Natasha
  1947 | D:2      | Noticed Natasha
  1950 | D:2      | Killed Natasha
  2240 | D:2      | Noticed Natasha
  2245 | D:2      | Killed Natasha
  2245 | D:2      | Reached XP level 5. HP: 28/28 MP: 8/13
  3530 | D:3      | Reached skill level 1 in Fighting
  3694 | D:3      | Noticed LairdHam's ghost (amateur DsVM)
  3726 | D:2      | HP: 1/29 [poisoned by LairdHam's ghost (sting)]
  3734 | D:2      | Succumbed to LairdHam's ghost's sting

Vault maps used:
D:1:      co_arrival_random_square_maze, st_stairs_7
D:2:      uniq_natasha
D:3:      serial_glass, glass_columns_b, glass_columns_a,
          kennysheep_pointless_box

Skill      XL: |  1  2  3  4  5 |
---------------+----------------+-----
Stealth        | 3 |  3.8
Spellcasting   | 4 |  4.3
Hexes          | 1 |  1.6
Dodging        | 3 |  3.4
Fire Magic     | 4 |  4.1
Conjurations   | 2 |  2.1
Fighting       | 1 |  1.0
Armour         | |  0.5
Shields        | |  0.7

Action                   |  1- 3 |  4- 6 || total
-------------------------+-------+-------++-------
Melee: Unarmed           |    10 |       ||    10
       Dagger            |     1 |     5 ||     6
 Cast: Flame Tongue      |    45 |    66 ||   111
       Throw Flame       |    18 |    18 ||    36
       Conjure Flame     |       |     3 ||     3
  Use: Scroll            |     7 |     2 ||     9
       Potion            |       |     2 ||     2
 Stab: Sleeping          |     2 |     2 ||     4
  Eat: Chunk             |     2 |     5 ||     7
       Fruit             |       |     1 ||     1
       Pizza             |       |     1 ||     1
       Beef jerky        |       |     1 ||     1
